 Dungeon Crawl Stone Soup version 0.28.0 (webtiles) character file.

Game seed: 3266595177282790346

51 mopl the Insei (level 4, -2/32 HPs)
             Began as a Djinni Transmuter on Feb 16, 2022.
             Was an Initiate of Cheibriados.
             Slain by an adder (4 damage)
             ... on level 2 of the Dungeon.
             The game lasted 00:03:10 (1651 turns).

mopl the Insei (Djinni Transmuter)                  Turns: 1651, Time: 00:03:10

Health: -2/32      AC:  2    Str: 12    XL:     4   Next: 7%
Gold:   34         EV: 12    Int: 15    God:    Cheibriados [......] SH:  0 Dex: 15

rFire   + + .      SeeInvis .     - Unarmed
rCold   x . .      Faith    .   (no shield)
rNeg    . . .      Spirit   .   a - +0 robe
rPois   ∞          Reflect  .   (helmet currently unavailable)
rElec   .          Harm     .   (no cloak)
rCorr   .          Rampage  .   (no gloves)
Will    .....                   (boots unavailable)
Stlth   +.........              (no amulet)
HPRegen 0.10/turn               (no ring)
MPRegen 0.00/turn               (no ring)

@: appendages (expiring), flying, very slow
A: horns 2, flying, sickness immunity, fire resistance 2, cold vulnerability 1,
float, innate caster, HP casting, extra vitality 1
a: End Transformation, Renounce Religion


You were on level 2 of the Dungeon.
You worshipped Cheibriados.
Cheibriados was noncommittal.
You had temporarily grown beastly horns.
You visited 1 branch of the dungeon, and saw 2 of its levels.

You collected 34 gold pieces.

Inventory:

Armour
 a - a +0 robe (worn)
 e - a +0 helmet (melded)
Scrolls
 d - a scroll of identify {unknown}
Potions
 b - a potion of heal wounds {unknown}
 c - a potion of degeneration {unknown}


   Skills:
 + Level 1.0 Fighting
 + Level 0.0 Armour
 + Level 2.1 Dodging
 * Level 4.2 Unarmed Combat
 + Level 2.1 Spellcasting


You couldn't memorise any spells.
You knew the following spells:

 Your Spells              Type           Power      Damage    Failure   Level
a - Beastly Appendage     Tmut           16%        N/A       9%          1
b - Spider Form           Tmut/Pois      8%         N/A       26%         3
c - Shock                 Conj/Air       32%        1d5       9%          1
d - Ice Form              Ice/Tmut       8%         N/A       65%         4
w - Wereblood             Tmut           8%         N/A       14%         2
Your spell library was empty.

Dungeon Overview and Level Annotations

Branches:
Dungeon (2/15)

Altars:
Cheibriados

Shops:
D:1 =((


Innate Abilities, Weirdness & Mutations

You have temporarily grown beastly horns.
You are flying.
You are immune to sickness and miasma.
You are immune to poison.
Your flesh is very heat resistant. (rF++)
You are vulnerable to cold. (rC-)
You float through the air rather than walking.
You learn spells naturally, not from books.
Your magical power is your life essence.
You have superior vitality. (+4 MHP)


Message History

Found a shortbow.
There is a stone staircase leading down here.
Casting: Spider Form (quite dangerous; 26% risk of failure)
Confirm with . or Enter, or press ? or * to list all spells.
You grow a pair of large bovine horns.
Your +0 helmet melds into your body.
An adder comes into view.
Found Plato's Papyrus of Attacks.
Found a faded altar of an unknown god.
The endoplasm quivers.
The endoplasm oozes through a web.
You hit the endoplasm but do no damage. The endoplasm freezes you.
You are frozen!
You feel a terrible chill!
You hit the endoplasm but do no damage. You miss the adder.
Your headbutt misses the adder. The adder closely misses you.
The endoplasm freezes you.
You are frozen.
You feel a terrible chill! The adder bites you.
You hit the adder.
The adder is lightly wounded.
Your transformation is almost over.
The endoplasm freezes you.
You are frozen.
You feel a terrible chill! The adder bites you.
You are too injured to fight recklessly!
You are too injured to fight recklessly!
You barely miss the adder. Your headbutt misses the adder.
The adder is lightly wounded.
The endoplasm hits you. The adder bites you.
You barely miss the adder. Your headbutt misses the adder.
The adder is lightly wounded.
The adder closely misses you. The endoplasm freezes you.
You are frozen.
You feel a terrible chill!
* * * LOW HITPOINT WARNING * * *
The adder bites you.
* * * LOW HITPOINT WARNING * * *
The endoplasm freezes you.
You are frozen.
* * * LOW HITPOINT WARNING * * *
The adder bites you.
You die...

##.#..## ##.....## #
##.#.# ##...## #
###.# ##'## #.# #.#
###.# #.# ##...#
##.## ###).#.##
##...##
#.......#######.<...#
#^.JS@.........##
#..^.########.#.#####
#.##.. #.....<.# P...
###.##### .##.. #.# #
... #.# #_.. #.# #...
... #.#


You could see an adder and an endoplasm.

Vanquished Creatures
  Robin (D:2)
  A dart slug (D:1)
  4 bats
  3 endoplasms
  8 goblins
  6 hobgoblins
  4 quokkas
  2 frilled lizards (D:1)
  4 kobolds
  A rat (D:1)
34 creatures vanquished.

Vanquished Creatures (others)
  12 toadstools (D:2)
12 creatures vanquished.

Grand Total: 46 creatures vanquished

Notes
Turn   | Place    | Note
-------+----------+-------------------------------------------
     0 | D:1      | mopl the Djinni Transmuter began the quest for the Orb.
     0 | D:1      | Reached XP level 1. HP: 17/17 MP: 0/0
    30 | D:1      | Reached XP level 2. HP: 4/22 MP: 0/0
   330 | D:1      | Found Ukki's Weapon Shoppe.
   842 | D:1      | Found Gapp's Weapon Shop.
   852 | D:1      | Reached XP level 3. HP: 27/27 MP: 0/0
   852 | D:1      | Learned a level 1 spell: Shock
   966 | D:1      | Found Bism's Jewellery Emporium.
  1087 | D:2      | Reached skill level 2 in Spellcasting
  1122 | D:2      | Found a snail-covered altar of Cheibriados.
  1157 | D:2      | Noticed Robin
  1164 | D:2      | Reached skill level 4 in Unarmed Combat
  1175 | D:2      | Killed Robin
  1176 | D:2      | Reached XP level 4. HP: 20/32 MP: 0/0
  1523 | D:2      | Became a worshipper of Cheibriados the Contemplative
  1643 | D:2      | Found a faded altar of an unknown god.
  1651 | D:2      | Slain by an adder

Illustrated notes

Levels and vault maps discovered:
D:1:      heliophobic_arrival_battle_scene, layout_rooms, serial_shops,
          nicolae_square_shop, nicolae_shop_behind_doors, shop
D:2:      cheibrodos_fertilizer, layout_loops_corners, basic_altar,
          shapermc_ecumenical_altar_rom_forum, uniq_robin, uniq_jessica,
          uniq_crazy_yiuf_cottage

Skill      XL: |  1  2  3 |
---------------+----------+-----
Spellcasting   | 2 |  2.1
Unarmed Combat | 4 |  4.2
Fighting       | |  1.0
Dodging        | |  2.1

Action                   |  1- 3 |  4- 6 || total
-------------------------+-------+-------++-------
Melee: Unarmed           |    68 |    15 ||    83
       Headbutt          |     7 |     1 ||     8
       Spear             |    17 |       ||    17
 Cast: Beastly Appendage |    11 |     2 ||    13
       Spider Form       |     1 |     1 ||     2
 Stab: Sleeping          |     1 |       ||     1
Armor: Robe              |    10 |       ||    10
       Skin              |     1 |       ||     1
Dodge: Dodged            |    52 |     8 ||    60
